 Dungeon Crawl Stone Soup version 0.31.0-7-gf635a9b802 (webtiles) character file.

Game seed: 6249419146055532455

82 Daunt the Ruffian (level 4, -12/39 HPs)
             Began as a Troll Enchanter on Jan 23, 2024.
             Mangled by an ogre
             ... wielding a +0 giant club
              (22 damage)
             ... on level 3 of the Dungeon.
             The game lasted 00:03:17 (1847 turns).

Daunt the Ruffian (Troll Enchanter)                 Turns: 1847, Time: 00:03:18

Health: -12/39     AC:  4    Str: 18    XL:     4   Next: 21%
Magic:  4/4        EV:  9    Int: 11    God:
Gold:   187        SH:  0    Dex: 10    Spells: 5/5 levels left

rFire   . .          .
                       - Unarmed
rCold   . . .        (no shield)
rNeg    . . .        b - +0 robe
rPois   .            (helmet restricted)
rElec   .            (no cloak)
rCorr   .            (gloves unavailable)
SInv    .            (boots unavailable)
Will    +....        (no amulet)
Stlth   ++           r - ring of willpower
HPRegen 1.06/turn    (no ring)
MPRegen 0.09/turn

%: no passive effects
@: no status effects
A: large, unfitting armour, claws 3, regeneration 1, shaggy fur 1, tough skin 1
a: no special abilities


You were on level 3 of the Dungeon.
You visited 1 branch of the dungeon, and saw 3 of its levels.

You collected 255 gold pieces.
You spent 68 gold pieces at shops.

Inventory:

Missiles
 a - 23 stones (quivered)
 l - 2 atropa-tipped darts
Armour
 b - a +0 robe (worn)
Jewellery
 p - an amulet of faith
 r - a ring of willpower (left claw)
Scrolls
 d - 2 scrolls of teleportation {unknown}
 f - a scroll of poison {unknown}
 h - a scroll of blinking {unknown}
 j - a scroll of brand weapon {unknown}
 k - a scroll of summoning {unknown}
 m - a scroll of immolation {unknown}
 o - a scroll of identify {unknown}
 q - a scroll of revelation {unknown}
 u - a scroll of enchant armour {unknown}
Potions
 c - 2 potions of invisibility
 e - 2 potions of might {unknown}
 g - 3 potions of heal wounds {unknown}
 i - a potion of berserk rage {unknown}
 n - 4 potions of curing {unknown}
 s - a potion of resistance {unknown}
 t - a potion of haste {unknown}


   Skills:
 - Level 0.7 Short Blades
 - Level 1.5 Dodging
 - Level 1.5 Stealth
 + Level 3.9 Unarmed Combat
 - Level 1.2 Spellcasting
 - Level 2.0 Hexes


You had 5 spell levels left.
You didn't know any spells.
Your spell library contained the following spells:

 Spells                   Type           Power      Damage    Failure   Level
 Ensorcelled Hibernation  Hex/Ice        4%         N/A       32%         2
 Confusing Touch          Hex            5%         N/A       38%         3
 Tukima's Dance           Hex            5%         N/A       38%         3
 Dazzling Flash           Conj/Hex       4%         N/A       54%         3


Dungeon Overview and Level Annotations

Branches:
Dungeon (3/15)

Altars:
Dithmenos

Shops:
D:1 *


Innate Abilities, Weirdness & Mutations

You are too large for most types of armour.
You have claws for hands.
Your natural rate of healing is unusually fast.
You are covered in fur. (AC +1)
You have tough skin. (AC +1)


Message History

Found a stone staircase leading up.
The kobold shouts!
The frilled lizard hisses angrily.
An ogre comes into view. It is wielding a +0 giant club.
You closely miss the adder.
The adder hisses angrily.
The ogre shouts!
Your claw misses the adder. The adder barely misses you.
You barely miss the adder. The kobold hits you with a +0 dagger.
The adder bites you but does no damage.
You barely miss the adder. The adder barely misses you.
The kobold hits you with a +0 dagger.
Unknown command.
Unknown command.
Unknown command.
The adder bites you. The kobold attacks as it pursues you!
The kobold barely misses you.
You see here 15 gold pieces.
Unknown command.
You miss the kobold. The kobold hits you with a +0 dagger.
You claw the kobold!
You kill the kobold!
You barely miss the adder. The adder bites you. The adder barely misses you.
You scratch the adder.
The adder is moderately wounded.
The adder bites you but does no damage.
You claw the adder!
You kill the adder!
Unknown command.
You scratch the ogre.
The ogre is lightly wounded.
The ogre hits you with a +0 giant club!!
Ouch! That really hurt!
* * * LOW HITPOINT WARNING * * *
Unknown command.
You claw the ogre!
The ogre is moderately wounded.
You claw the ogre!
The ogre is severely wounded.
The ogre hits you with a +0 giant club!!
Ouch! That really hurt!
You die...

...........##.##.##..#)......
..##.......##.##.##...†......
#..........#####.....†...#...
#....#..#.##.#..............
......####.##....##.##.#.....
...... #.......##..........
...... ..............##.##.
... . .....#.###..## #
.....###@# #.#
.....###O##...#
...<.O..l.......
................
####........##### ##.......#
........# ##.........
........##.


You could see an ogre and a frilled lizard.

Vanquished Creatures
  4 adders
  A ribbon worm (D:3)
  2 dart slugs
  An orc (D:3)
  A ball python (D:1)
  4 endoplasms
  2 giant cockroaches (D:3)
  6 goblins
  3 hobgoblins
  4 kobolds
  2 quokkas
  3 bats
  3 frilled lizards
  A rat (D:3)
37 creatures vanquished.

Notes
Turn   | Place    | Note
-------+----------+-------------------------------------------
     0 | D:1      | Daunt the Troll Enchanter began the quest for the Orb.
     0 | D:1      | Reached XP level 1. HP: 16/16 MP: 1/1
    21 | D:1      | Found Arezakon's Assorted Antiques.
   225 | D:1      | Reached skill level 1 in Unarmed Combat
   666 | D:1      | Reached XP level 2. HP: 24/24 MP: 2/2
   872 | D:1      | Bought a scroll labelled QALEYP LIEFFEOX for 18 gold pieces
   872 | D:1      | Bought a ruby potion for 16 gold pieces
   872 | D:1      | Bought a golden potion for 16 gold pieces
   872 | D:1      | Bought a scroll labelled NAOXKI KIGAPAPH for 18 gold pieces
   950 | D:2      | Reached skill level 2 in Unarmed Combat
  1115 | D:2      | Reached XP level 3. HP: 31/31 MP: 3/3
  1120 | D:2      | Reached skill level 3 in Unarmed Combat
  1578 | D:2      | Found a faded altar of an unknown god.
  1744 | D:3      | Found a shadowy altar of Dithmenos.
  1823 | D:3      | Reached XP level 4. HP: 30/39 MP: 4/4
  1834 | D:3      | Noticed an ogre
  1847 | D:3      | Mangled by an ogre

Illustrated notes

Levels and vault maps discovered:
D:1:      lemuel_arrival_room, layout_basic, serial_shops, shop,
          serial_park_tiny_pond, amcnicky_mini_rare_corridor_liquid,
          minmay_gold_behind_fungi
D:2:      layout_loops_ring, shapermc_ecumenical_altar_mp_vishouse,
          serial_bayou, serial_bayou_pond_a, serial_bayou_crossing,
          serial_bayou_ford_a, serial_bayou_pond_d
D:3:      layout_rooms, grunt_dithmenos_smoke_and_mirrors, kennysheep_path_1,
          minivault_14, minivault_24, minmay_statues_item,
          hangedman_decor_growths

Skill      XL: |  1  2  3 |
---------------+----------+-----
Unarmed Combat | 1 2 3 |  3.9
Short Blades   | |  0.7
Dodging        | |  1.5
Stealth        | |  1.5
Spellcasting   | |  1.2
Hexes          | |  2.0

Action                     |  1- 3 |  4- 6 || total
---------------------------+-------+-------++-------
  Melee: Unarmed           |    71 |    13 ||    84
   Stab: Sleeping          |     1 |       ||     1
 Armour: Robe              |    33 |     9 ||    42
  Dodge: Dodged            |    25 |     5 ||    30
